 Seeded DCSS version 0.28-a0-872-g80cf8599ee (webtiles) character file.

Game seed: 20211120 (custom seed)

6 a11behringer the Chopper (level 1, 0/20 HPs)
             Began as a Hill Orc Cinder Acolyte on Nov 20, 2021.
             Was a High Priest of Ignis.
             Slain by a kobold (5 damage)
             ... on level 1 of the Dungeon.
             The game lasted 00:00:50 (164 turns).

a11behringer the Chopper (Hill Orc Cinder Acolyte)   Turns: 164, Time: 00:00:51

Health: 0/20       AC:  2    Str: 16    XL:     1   Next: 90%
Magic:  2/2        EV: 11    Int: 14    God:    Ignis [*****.]
Gold:   13         SH:  0    Dex:  6    Spells: 2/2 levels left

rFire   + . .      SeeInvis .   a - -1 hand axe (flame)
rCold   . . .      Faith    .   (no shield)
rNeg    . . .      Spirit   .   b - +0 robe
rPois   .          Reflect  .   (no helmet)
rElec   .          Harm     .   (no cloak)
rCorr   .          Rampage  .   (no gloves)
Will    .....                   (no boots)
Stlth   +.........              (no amulet)
HPRegen 0.06/turn               (no ring)
MPRegen 0.08/turn               (no ring)

@: no status effects
A: no striking features
a: Renounce Religion, Sea of Fire, Foxfire Swarm, Rising Flame


You were on level 1 of the Dungeon.
You worshipped Ignis.
Ignis was extremely pleased with you.
You visited 1 branch of the dungeon, and saw 1 of its levels.

You collected 13 gold pieces.

Inventory:

Hand Weapons
 a - a -1 hand axe of flaming (weapon)
Armour
 b - a +0 robe (worn)
 c - a +0 plate armour
Scrolls
 e - a scroll of enchant weapon {unknown}
Potions
 d - a potion of attraction {unknown}


   Skills:
 + Level 3.8 Fighting
 + Level 4.4 Axes
 + Level 1.0 Spellcasting
 + Level 3.2 Fire Magic


You had 2 spell levels left.
You didn't know any spells.
Your spell library contained the following spells:

 Spells                   Type           Power      Damage    Failure   Level
 Scorch                   Fire           18%        2d5       11%         2


Dungeon Overview and Level Annotations

Branches:
Dungeon (1/15)

Altars:


Message History

The ball python hisses angrily.
You slash the ball python! You burn the ball python.
You kill the ball python!
Found a scroll labelled WUEMPU TEFI.
You now have 3 gold pieces.
e - a scroll labelled WUEMPU TEFI You now have 13 gold pieces (gained 10).
A quokka comes into view.
A kobold comes into view. It is wielding a +0 short sword.
The kobold shouts!
Found 10 gold pieces and 19 bolts.
A kobold comes into view. It is wielding a +0 whip.
The quokka bites you. The quokka closely misses you.
The kobold shouts!
You hit the quokka but do no damage. The quokka misses you.
You slash the quokka! You burn the quokka.
You kill the quokka!
You barely miss the kobold. The kobold barely misses you.
You hit the kobold but do no damage. The kobold hits you but does no damage.
You closely miss the kobold.
The kobold hits you with a +0 short sword.
You hit the kobold. You burn the kobold.
You kill the kobold!
You closely miss the kobold. The kobold hits you with a +0 whip.
You closely miss the kobold. The kobold barely misses you.
You closely miss the kobold. The kobold hits you with a +0 whip.
You hit the kobold. You burn the kobold.
The kobold is heavily wounded.
The kobold hits you but does no damage.
You hit the kobold but do no damage.
The kobold is heavily wounded.
The kobold hits you with a +0 whip.
* * * LOW HITPOINT WARNING * * *
You hit the kobold but do no damage.
The kobold is heavily wounded.
The kobold barely misses you.
You hit the kobold but do no damage.
The kobold is heavily wounded.
The kobold hits you with a +0 whip.
You die...

..# #### ...# ...#
..( ...# #......
.. ..... .. ..
#...# #.##..
#.#.######
#.....##.@.!.....
###..##...)K......
......#.#.........
# ..
##...#.#.........
#.#.#
##................
#.#.#
#.................
#....
...##...######....
#.#.####.#....#
...$
#.#......#..###
...


You could see a kobold.

Vanquished Creatures
  An endoplasm (D:1)
  2 kobolds (D:1)
  A quokka (D:1)
  A ball python (D:1)
  A rat (D:1)
6 creatures vanquished.

Notes
Turn   | Place    | Note
-------+----------+-------------------------------------------
     0 | D:1      | a11behringer the Hill Orc Cinder Acolyte began the quest
                  | for the Orb.
     0 | D:1      | Reached XP level 1. HP: 19/19 MP: 2/2
   164 | D:1      | Slain by a kobold

Illustrated notes

Levels and vault maps discovered:
D:1:      wheals_arrival_shading, layout_rooms

Action                   || total
-------------------------++-------
Melee: Hand axe          ||    23
Armor: Robe              ||     3
Dodge: Dodged            ||    10

Table legend: (Time is in decaauts)
 A = Elapsed time spent in this place.
 B = Non-inter-level travel time spent in this place.
 C = Inter-level travel time spent in this place.
 D = Time resting spent in this place.
 E = Time spent auto-exploring this place.
 F = Levels seen in this place.
 G = Mean time per level.
                   A        B        C        D        E       F      G
               +--------+--------+--------+--------+--------+-----+--------+
         Total |    166 |    135 |     31 |      0 |     84 |   1 |  166.0 |
       Dungeon |    166 |    135 |     31 |      0 |     84 |   1 |  166.0 |
               +--------+--------+--------+--------+--------+-----+--------+

Top non-repeatable levels by time:
     D:1: 166 daAuts
